 Dungeon Crawl Stone Soup version 0.29.1-2-gbd0b4ee654 (webtiles) character file.

Game seed: 6317544443754090053

352 mester the Magician (level 6, -3/42 HPs)
             Began as a Djinni Fire Elementalist on Dec 1, 2022.
             Was an Initiate of Nemelex Xobeh.
             Shot with an arrow by a centaur (6 damage)
             ... on level 5 of the Dungeon.
             The game lasted 00:39:41 (6734 turns).

mester the Magician (Djinni Fire Elementalist)      Turns: 6734, Time: 00:39:42

Health: -3/42      AC:  3    Str:  7    XL:     6   Next: 94%
Gold:   215        EV: 13    Int: 19    God:    Nemelex Xobeh [......] SH:  0 Dex: 13

rFire   + + .      SeeInvis .   c - +0 dagger
rCold   x . .      Faith    .   (no shield)
rNeg    . . .      Spirit   .   a - +1 robe
rPois   ∞          Reflect  .   (no helmet)
rElec   .          Harm     .   (no cloak)
rCorr   .          Rampage  .   (no gloves)
Will    .....                   (boots unavailable)
Stlth   ++........              (no amulet)
HPRegen 0.14/turn               y - ring of wizardry
MPRegen 0.00/turn               (no ring)

@: flying, very slightly contaminated
A: sickness immunity, fire resistance 2, cold vulnerability 1, float, innate
caster, HP casting, extra vitality 1
a: Renounce Religion, Draw Escape, Draw Destruction, Draw Summoning


You were on level 5 of the Dungeon.
You worshipped Nemelex Xobeh.
Nemelex Xobeh was noncommittal.
You visited 1 branch of the dungeon, and saw 5 of its levels.

You collected 215 gold pieces.

Inventory:

Hand Weapons
 c - a +0 dagger (weapon)
 d - a +0 dagger
 e - a +0 dagger
 i - a +0 dagger
 j - a +0 dagger
 n - a +0 dagger
 r - a +0 dagger
 v - a +0 club
 x - a +0 club
 z - a +0 dagger
 B - a +0 dagger
 C - a +0 club
 E - a +0 dagger
 F - a +0 short sword
 I - a +0 club
 J - a +0 club
 M - a +0 giant spiked club
 N - a +0 club
 Q - a +0 hand axe
Missiles
 b - 28 stones
 p - 5 poisoned darts
 t - 4 silver javelins
 K - 8 boomerangs
Armour
 a - a +1 robe (worn)
 h - a +0 pair of gloves
 o - the +8 plate armour of Hospitality {rElec Str+5 Dex+3}
   (You found it on level 2 of the Dungeon)

   Str:       It affects your strength (+5).
   Dex:       It affects your dexterity (+3).
   rElec:     It insulates you from electricity.
 A - a +0 chain mail
 D - a +0 plate armour
 G - a +0 leather armour
 L - a +0 ring mail of cold resistance
 P - a +0 ring mail
Jewellery
 y - a ring of wizardry (left hand)
Scrolls
 f - 2 scrolls of fear {unknown}
 l - a scroll of immolation {unknown}
 q - 2 scrolls of teleportation {unknown}
 s - 2 scrolls of fog
 u - 3 scrolls of identify {unknown}
 w - a scroll of magic mapping {unknown}
Potions
 g - 2 potions of heal wounds {unknown}
 k - a potion of curing {unknown}
 m - a potion of lignification
 H - a potion of degeneration {unknown}
 O - a potion of mutation {unknown}


   Skills:
 + Level 1.0 Fighting
 + Level 0.3 Armour
 + Level 3.2 Dodging
 + Level 2.8 Stealth
 + Level 1.0 Unarmed Combat
 + Level 4.5 Spellcasting


You couldn't memorise any spells.
You knew the following spells:

 Your Spells              Type           Power      Damage    Failure   Level
a - Foxfire               Conj/Fire      84%        2x1d8     1%          1
b - Scorch                Fire           42%        2d7       1%          2
c - Conjure Flame         Conj/Fire      21%        6-21      2%          3
d - Inner Flame           Hex/Fire       21%        N/A       2%          3
e - Flame Wave            Conj/Fire      21%        2d8       9%          4
f - Shock                 Conj/Air       84%        1d8       1%          1
g - Searing Ray           Conj           42%        2d6       1%          2
Your spell library was empty.

Dungeon Overview and Level Annotations

Branches:
Dungeon (5/15)
 Temple: D:4-7

Altars:
Elyvilon
Nemelex Xobeh
Xom
The Shining One

Portals:
Sewer: D:5


Innate Abilities, Weirdness & Mutations

You are immune to sickness and miasma.
You are immune to poison.
Your flesh is very heat resistant. (rF++)
You are vulnerable to cold. (rC-)
You float through the air rather than walking.
You learn spells naturally, not from books.
Your magical power is your life essence.
You have superior vitality. (+4 MHP)


Message History

(Press . to maintain the ray.)
The hound closely misses you.
The searing ray hits the hound!
The hound is almost dead.
The searing ray hits the centaur!
The centaur is severely wounded.
The hound closely misses you. The hound barely misses you.
Casting: Searing Ray (safe; 1% risk of failure)
Confirm with . or Enter, or press ? or * to list all spells.
Restarting spell: Searing Ray (safe; 1% risk of failure)
Press: ? - help, Shift-Dir - straight line, f/p - hound
Aim: a hound (almost dead, 69% to hit)
The searing ray misses the hound. (Press . to maintain the ray.)
An adder comes into view.
The hound closely misses you.
Casting: Searing Ray (safe; 1% risk of failure)
Confirm with . or Enter, or press ? or * to list all spells.
Restarting spell: Searing Ray (safe; 1% risk of failure)
Press: ? - help, Shift-Dir - straight line, f/p - hound
Aim: a hound (almost dead, 69% to hit)
The searing ray hits the hound!
You kill the hound! (Press . to maintain the ray.)
The adder hisses angrily.
The centaur shoots an arrow.
The arrow hits you!
* * * LOW HITPOINT WARNING * * *
Unknown command.
Casting: Searing Ray (safe; 1% risk of failure)
Confirm with . or Enter, or press ? or * to list all spells.
Restarting spell: Searing Ray (safe; 1% risk of failure)
Press: ? - help, Shift-Dir - straight line, f - centaur
Aim: a centaur, wielding a +0 shortbow (severely wounded, 87% to hit)
The searing ray misses the centaur. (Press . to maintain the ray.)
* * * LOW HITPOINT WARNING * * *
The centaur shoots an arrow.
The arrow barely misses you.
The centaur shoots an arrow.
The arrow hits you.
You die...
Your body disappears without a glow.

................
###..##........###
#. ##<..####.... #.
#.....<...#
############.###..#
##.~~~~~~~~~....#
#..~~~~∩†~†~..#.#
#..~~~~~~~~~..#...
#.###########@# ###
#.. ..# #†# ##.#
#....##c# .#
#......w# .#
##...##S# .# ##.
... ## # .#...
#.###.h # ...


You could see a centaur, an adder and a dart slug.

Vanquished Creatures
  An ogre (D:4)
  3 hounds
  A jelly (D:4)
  4 adders
  3 worms
  4 dart slugs
  4 orcs (D:4)
  6 ball pythons
  8 endoplasms
  9 giant cockroaches
  10 goblins
  5 hobgoblins (D:1)
  4 kobolds
  7 quokkas
  9 bats
  2 frilled lizards (D:3)
  5 rats
85 creatures vanquished.

Vanquished Creatures (others)
  194 foxfires
194 creatures vanquished.

Grand Total: 279 creatures vanquished

Notes
Turn   | Place    | Note
-------+----------+-------------------------------------------
     0 | D:1      | mester the Djinni Fire Elementalist began the quest for the
                  | Orb.
     0 | D:1      | mester set off with the following spells memorised:
                  | Foxfire, Scorch, Conjure Flame, Inner Flame, Flame Wave.
     0 | D:1      | Reached XP level 1. HP: 15/15 MP: 0/0
   278 | D:1      | Reached XP level 2. HP: 15/21 MP: 0/0
   614 | D:1      | Reached XP level 3. HP: 22/25 MP: 0/0
   614 | D:1      | Learned a level 1 spell: Shock
   628 | D:1      | Reached skill level 3 in Spellcasting
  1116 | D:1      | Found a faded altar of an unknown god.
  1947 | D:2      | Identified the +8 plate armour of Hospitality {rElec Str+5
                  | Dex+3}
  2715 | D:2      | Reached XP level 4. HP: 22/31 MP: 0/0
  3883 | D:3      | Reached skill level 1 in Unarmed Combat
  4732 | D:4      | Found a shimmering altar of Xom.
  4732 | D:4      | Found a shimmering altar of Xom.
  4732 | D:4      | Found a shimmering altar of Xom.
  4732 | D:4      | Found a shimmering altar of Xom.
  4736 | D:4      | Found a shimmering altar of Xom.
  4739 | D:4      | Found a shimmering altar of Xom.
  4783 | D:4      | Reached XP level 5. HP: 33/36 MP: 0/0
  4783 | D:4      | Learned a level 2 spell: Searing Ray
  4806 | D:4      | Found a white marble altar of Elyvilon.
  5233 | D:4      | Reached skill level 4 in Spellcasting
  5457 | D:4      | Noticed an ogre
  5469 | D:4      | Killed an ogre
  5470 | D:4      | Reached XP level 6. HP: 37/41 MP: 0/0
  6228 | D:4      | Found a glowing golden altar of the Shining One.
  6250 | D:4      | Identified the +0 scale mail of the Everdark {Stlth+}
  6363 | D:4      | Found a sparkling altar of Nemelex Xobeh.
  6373 | D:4      | Reached skill level 1 in Fighting
  6407 | D:4      | Became a worshipper of Nemelex Xobeh the Trickster
  6617 | D:5      | Entered Level 5 of the Dungeon
  6681 | D:5      | Found a glowing drain.
  6734 | D:5      | Shot with an arrow by a centaur

Illustrated notes

Levels and vault maps discovered:
D:1:      erik_arrival_triangle_medium, layout_basic,
          shapermc_ecumenical_altar_mp_highgroup,
          nicolae_concentric_dashed_squares_wild, chequers_serial_rivers_large_a
D:2:      layout_basic
D:3:      layout_basic, vehumet_crystals, mainiacjoe_overflow_catwalk
D:4:      nicolae_cairo_tiling_large, layout_rooms, xom_redecorated,
          kennysheep_mini, mainiacjoe_overflow_six_doors_small,
          nemelex_dance_club_becter
D:5:      layout_rooms, okawaru_ov_weapons_minmay, portal_sewer_entry_f,
          gammafunk_ghost_mausoleum, minmay_increasing_density

Skill      XL: |  1  2  3  4  5  6 |
---------------+-------------------+-----
Spellcasting   | 3 4 |  4.5
Stealth        | 2 |  2.8
Unarmed Combat | 1 |  1.0
Dodging        | 3 |  3.2
Fighting       | 1 |  1.0
Armour         | |  0.3

Action                   |  1- 3 |  4- 6 || total
-------------------------+-------+-------++-------
Melee: Unarmed           |     3 |       ||     3
 Cast: Foxfire           |    65 |    74 ||   139
       Scorch            |     6 |     7 ||    13
       Conjure Flame     |     1 |     2 ||     3
       Shock             |       |     4 ||     4
       Searing Ray       |       |    19 ||    19
  Use: Scroll            |     1 |     2 ||     3
       Potion            |       |     1 ||     1
Armor: Robe              |     4 |     6 ||    10
Dodge: Dodged            |    10 |    43 ||    53
